 Dungeon Crawl Stone Soup version 0.28.0-1-gb440e238dd (webtiles) character file.

Game seed: 68233444835183275

125717 pkoi the Black Belt (level 16, -6/132 HPs)
             Began as a Green Draconian Monk on Feb 22, 2022.
             Was a High Priest of Okawaru.
             Mangled by a naga warrior (12 damage)
             ... on level 2 of the Snake Pit on Feb 23, 2022.
             The game lasted 01:39:25 (52093 turns).

pkoi the Black Belt (Green Draconian Monk)         Turns: 52093, Time: 01:39:26

Health: -6/132     AC: 15    Str: 14    XL:     16   Next: 42%
Magic:  0/26       EV: 20    Int: 18    God:    Okawaru [*****.]
Gold:   1502       SH:  0    Dex: 14    Spells: 17/33 levels left

rFire   + . .      SeeInvis .     - Unarmed
rCold   + . .      Faith    .   (shield currently unavailable)
rNeg    . . .      Spirit   +   (armour unavailable)
rPois   +          Reflect  .   (helmet restricted)
rElec   .          Harm     .   M - scarf {rC+ rF+}
rCorr   .          Rampage  .   (gloves currently unavailable)
Will    +....      Clarity  +   q - +1 pair of boots
Stlth   +++.......              r - amulet of guardian spirit
HPRegen 0.32/turn               b - +4 ring of protection
MPRegen 0.20/turn               D - +4 ring of evasion

@: blade hands, heroic, constricted, studying Necromancy
A: breathe noxious fumes, AC +9, unfitting armour, stinger 1, poison resistance,
cold-blooded, clarity, low MP 1, wild magic 1
a: Breathe Noxious Fumes, End Transformation, Renounce Religion, Heroism,
Finesse, Duel


You were on level 2 of the Snake Pit.
You worshipped Okawaru.
Okawaru was extremely pleased with you.
You had blades for hands.
You visited 6 branches of the dungeon, and saw 28 of its levels.
You visited the Abyss 1 time.
You also visited: Bailey.

You collected 3130 gold pieces.
You spent 1628 gold pieces at shops.

Inventory:

Missiles
 n - 4 throwing nets
 A - 10 curare-tipped darts
Armour
 l - the +4 pair of gloves of the Shining Light (melded) {Str+4 Dex+2}
   (You acquired it on level 8 of the Dungeon)

   Str:       It affects your strength (+4).
   Dex:       It affects your dexterity (+2).
 q - a +1 pair of boots (worn)
 v - the +3 warlock's mirror {reflect}
   (You found it on level 11 of the Dungeon)

   It can block and reflect piercing ranged attacks and magical attacks against
   the wielder's willpower.
 M - a scarf of resistance (worn)
 R - the +0 kite shield "Earthly Heaven" (melded) {rElec Dex+3 Slay+3}
   (You took it off an orc in a bailey)

   Dex:       It affects your dexterity (+3).
   Slay:      It affects your accuracy & damage with ranged weapons and melee
   (+3).
   rElec:     It insulates you from electricity.
Jewellery
 b - a +4 ring of protection (left blade hand)
 c - a ring of protection from cold
 g - a ring of fire
 r - an amulet of guardian spirit (around neck)
 u - a ring of ice
 D - a +4 ring of evasion (right blade hand)
 K - a ring of see invisible
 L - a ring of resist corrosion
Wands
 w - a wand of iceblast (25)
 x - a wand of paralysis (15)
 z - a wand of polymorph (24)
 G - a wand of acid (8)
 H - a wand of digging (4)
 I - a wand of flame (37)
Scrolls
 a - 3 scrolls of blinking
 e - 10 scrolls of identify
 f - 4 scrolls of fear
 h - 9 scrolls of teleportation
 i - 2 scrolls of silence
 m - 2 scrolls of holy word
 s - 3 scrolls of fog
 y - 3 scrolls of amnesia
 B - 2 scrolls of enchant armour
 C - 4 scrolls of enchant weapon
 F - 5 scrolls of magic mapping
Potions
 d - a potion of cancellation
 j - 6 potions of brilliance
 k - 8 potions of heal wounds
 o - 2 potions of flight
 p - 7 potions of curing
 t - 3 potions of magic
 E - 6 potions of haste
 J - a potion of ambrosia
 N - 2 potions of might
 O - a potion of invisibility
 P - a potion of resistance
 Q - a potion of berserk rage


   Skills:
 - Level 9.0(14.0) Fighting
 - Level 9.0(14.0) Dodging
 - Level 1.7(6.7) Stealth
 - Level 8.0(13.0) Shields
 - Level 18.0(23.0) Unarmed Combat
 + Level 9.4 Spellcasting
 - Level 6.1 Translocations
 + Level 11.9 Transmutations
 + Level 6.4 Air Magic
 - Level 9.0 Poison Magic
 - Level 6.2 Invocations


You had 17 spell levels left.
You knew the following spells:

 Your Spells              Type           Power      Damage    Failure   Level
a - Poisonous Vapours     Pois/Air       94%        N/A       17%         2
b - Apportation           Tloc           78%        N/A       19%         1
c - Blade Hands           Tmut           30%        N/A       28%         5
d - Olgreb's Toxic Radia  Pois           52%        N/A       28%         4
e - Airstrike             Air            20%        N/A       45%         4

Your spell library contained the following spells:

 Spells                   Type           Power      Damage    Failure   Level
 Wereblood                Tmut           61%        N/A       11%         2
 Spider Form              Tmut/Pois      56%        N/A       16%         3
 Gell's Gravitas          Tloc           39%        N/A       28%         3
 Lesser Beckoning         Tloc           39%        N/A       28%         3
 Corpse Rot               Necr/Air       52%        N/A       36%         2
 Static Discharge         Conj/Air       26%        N/A       36%         2
 Ice Form                 Ice/Tmut       39%        N/A       47%         4
 Petrify                  Tmut/Erth      39%        N/A       47%         4
 Pain                     Necr           40%        1d6       52%         1
 Ensorcelled Hibernation  Hex/Ice        20%        N/A       61%         2
 Eringya's Noxious Bog    Tmut/Pois      28%        N/A       67%         6
 Manifold Assault         Tloc           39%        N/A       69%         5
 Iskenderun's Mystic Bla  Conj/Tloc      25%        2d7       75%         4
 Dazzling Flash           Conj/Hex       20%        N/A       77%         3
 Frozen Ramparts          Ice            20%        1d4       77%         3
 Ozocubu's Armour         Ice            10%        N/A       77%         3
 Vampiric Draining        Necr           10%        2d6       77%         3
 Dragon Form              Tmut           30%        N/A       90%         7
 Silence                  Hex/Air        13%        N/A       93%         5
 Anguish                  Hex/Necr       5%         N/A       96%         4
 Cause Fear               Hex            5%         N/A       96%         4
 Dispel Undead            Necr           10%        3d9       96%         4
 Sticky Flame             Conj/Fire      10%        2d3       96%         4
 Freezing Cloud           Conj/Ice/Air   10%        6-21      97%         5
 Dispersal                Tloc           19%        N/A       98%         6
 Statue Form              Tmut/Erth      26%        N/A       98%         6
 Storm Form               Tmut/Air       26%        N/A       99%         7
 Agony                    Necr           10%        N/A       100%        5
 Metabolic Englaciation   Hex/Ice        5%         N/A       100%        5
 Iron Shot                Conj/Erth      5%         9d2       100%        6
 Starburst                Conj/Fire      5%         6d4       100%        6
 Enfeeble                 Hex            5%         N/A       100%        7
 Disjunction              Tloc           19%        N/A       100%        8
 Maxwell's Capacitive Co  Air            20%        ∞         100%        8
 Animate Skeleton         Necr           Unusable   N/A       N/A         1
 Summon Lightning Spire   Summ/Air       Unusable   N/A       N/A         4
 Tukima's Dance           Hex            Unusable   N/A       N/A         3
 Summon Forest            Summ/Tloc      Unusable   N/A       N/A         5
 Animate Armour           Summ/Erth      Unusable   N/A       N/A         4
 Summon Ice Beast         Ice/Summ       Unusable   N/A       N/A         4
 Simulacrum               Ice/Necr       Unusable   N/A       N/A         6
 Summon Hydra             Summ           Unusable   N/A       N/A         7
 Dragon's Call            Summ           Unusable   N/A       N/A         9

Dungeon Overview and Level Annotations

Branches:
Dungeon (14/15)            Temple (1/1) D:5            Lair (6/6) D:8
  Swamp (3/4) Lair:2        Snake (2/4) Lair:2        Slime (0/5) Lair:5
    Orc (2/2) D:12            Elf (0/3) Orc:2        Vaults (0/5) D:14
 Bailey (visited)

Altars:
Ashenzari
Cheibriados
Dithmenos
Elyvilon
Fedhas
Gozag
Hepliaklqana
Kikubaaqudgha
Makhleb
Nemelex Xobeh
Okawaru
Qazlal
Ru
Sif Muna
Trog
Uskayaw
Vehumet
Wu Jian
Xom
Yredelemnul
Zin
The Shining One
Jiyva

Shops:
D:5 =   D:14 !!(!=   Orc:2 *:(=[

Annotations:
D:9 3 runed translucent doors, GraveyardiganJr's ghost, novice MfGl; Kalaber's ghost, novice TrBe; SnakkuSnakku7's ghost, novice HOFi; mcwallace's ghost, journeyman BaIE
Orc:2 1 runed translucent door, Pooter's ghost, journeyman MiBe


Innate Abilities, Weirdness & Mutations

You have blades for hands.
Your spellcasting is less reliable in this form.
You are incapable of wielding weapons or throwing items.
You can breathe blasts of noxious fumes.
Your lurid green scales are hard. (AC +9)
You cannot fit into any form of body armour.
Your tail ends in a venomous barb.
Your system is resistant to poisons. (rPois)
You are cold-blooded and may be slowed by cold attacks.
You possess an exceptional clarity of mind.
Your magical capacity is low. (-10% MP)
Your spells are a little harder to cast, but a little more powerful.


Message History

The naga warrior is moderately wounded.
You feel sick.
The naga warrior hits you with a +0 war axe!
* * * LOW HITPOINT WARNING * * *
The naga warrior constricts you.
* * * LOW HITPOINT WARNING * * *
You gain the combat prowess of a mighty hero.
You feel sick. The naga warrior barely misses you.
The naga warrior constricts you.
You slice the naga warrior!! The naga warrior blocks your attack. x2
The naga warrior is severely wounded.
You completely miss the naga warrior.
You tail-slap the naga warrior, but do no damage.
You slash the naga warrior!
The naga warrior is almost dead.
You feel sick.
You are no longer poisoned.
The naga warrior spits poison at you. The splash of poison misses you.
The naga warrior constricts you.
* * * LOW HITPOINT WARNING * * *
The naga warrior blocks your attack.
The naga warrior is severely wounded.
You hit the naga warrior but do no damage.
The naga warrior is severely wounded.
The naga warrior hits you with a +0 war axe!!
* * * LOW HITPOINT WARNING * * *
The naga warrior constricts you. The naga warrior blocks your attack.
You tail-slap the naga warrior, but do no damage.
The naga warrior is severely wounded.
The naga warrior hits you with a +0 war axe!!
* * * LOW HITPOINT WARNING * * *
The naga warrior constricts you.
You slash the naga warrior!
The naga warrior is almost dead.
You hit the naga warrior.
You tail-slap the naga warrior, but do no damage.
The naga warrior is almost dead.
The naga warrior hits you with a +0 war axe!
You die...

#............#...##............
#...........##.................
#..........##..................
##...N....................... ##
#....=.....................#
#......N...................# ###
#......#...#...............###..
.......###..##...........<...##..
.......# #..#...@.............#..
........ #.....N.)...)...........
........##........####...........
........#.........####...........
.................##.#............
............##..............
.............####............
.......(.....# #......####..
.............# #......####..


You could see a naga warrior.

Vanquished Creatures
  Rupert (D:12)
  A tentacled monstrosity (Swamp:2)
  Kirke (Swamp:1)
  A thorn hunter (Swamp:2)
  A nagaraja (Snake:2)
  An eleionoma (Swamp:1)
  4 bunyips
  An ettin (Orc:2)
  Fannar (Orc:2)
  2 naga warriors (Snake:1)
  A vault guard (D:13)
  A boulder beetle (D:13)
  A catoblepas (Lair:1)
  12 hydras
  A ghost crab (Swamp:3)
  5 centaur warriors
  5 alligators
  5 anacondas
  2 two-headed ogres
  6 orc high priests
  A death yak (Lair:3)
  Urug (Lair:4)
  7 spriggans
  A naga sharpshooter (Snake:2)
  A shock serpent (Snake:2)
  3 skeletal warriors (D:12)
  A bog body (Swamp:2)
  A spriggan druid (Swamp:1)
  6 goliath frogs
  4 naga ritualists
  A sixfirhy (Abyss:2)
  A salamander mystic (Snake:1)
  4 swamp dragons
  11 wizards
  11 orc knights
  2 deep elf pyromancers
  7 cyclopes
  5 mana vipers
  2 ugly things
  2 necromancers (D:14)
  5 will-o-the-wisps
  3 orc sorcerers
  4 salamanders
  Maurice (D:7)
  10 elephants
  22 black mambas
  2 naga magi (Snake:1)
  A torpor snail (Lair:4)
  A gargoyle (D:12)
  Maggie (D:8)
  13 cane toads
  3 rime drakes
  5 komodo dragons
  9 tyrant leeches
  9 trolls
  2 polar bears
  7 hornets
  Prince Ribbit (Lair:1)
  A blink frog (shapeshifter) (D:14)
  14 blink frogs
  12 dream sheep (Lair:6)
  4 wyverns
  2 wraiths (D:12)
  42 yaks
  15 humans (D:14)
  A basilisk (D:8)
  6 hogs (Swamp:1)
  2 vampire mosquitoes (D:11)
  2 steam dragons (Lair:6)
  13 swamp worms
  10 nagas
  Menkaure (D:5)
  A warg (Orc:1)
  4 acid dragons
  8 water moccasins
  2 swamp drakes (Swamp:1)
  37 orc warriors
  2 sky beasts
  2 black bears
  An ice beast (D:5)
  A necrophage (D:7)
  13 ogres
  12 centaurs
  7 wolves
  4 kobold brigands
  4 gnoll sergeants
  13 bullfrogs
  4 scorpions
  A wyvern skeleton (D:6)
  6 wights
  5 killer bees (D:11)
  A howler monkey (D:9)
  A bullfrog zombie (D:6)
  3 centaur zombies
  23 orc priests
  2 centaur skeletons (D:7)
  3 hounds
  A jelly (D:6)
  A gnoll shaman (D:4)
  Crazy Yiuf (D:3)
  Jessica (D:2)
  3 iguanas
  26 orc wizards
  A killer bee zombie (D:7)
  A hound skeleton (D:4)
  A howler monkey zombie (D:8)
  5 adders
  17 gnolls
  A shadow imp (D:6)
  2 white imps (D:6)
  An ufetubus (Abyss:2)
  3 worms (D:3)
  87 orcs
  3 bats
  4 endoplasms
  3 giant cockroaches
  13 goblins
  7 jackals
  2 ball pythons
  11 kobolds
  6 rats
710 creatures vanquished.

Vanquished Creatures (others)
  A will-o-the-wisp (Swamp:3)
  A bloated husk (Swamp:2)
  An orc priest (Orc:2)
  28 foxfires
  29 fungi
  55 plants
115 creatures vanquished.

Grand Total: 825 creatures vanquished

Notes
Turn   | Place    | Note
-------+----------+-------------------------------------------
     0 | D:1      | pkoi the Draconian Monk began the quest for the Orb.
     0 | D:1      | Reached XP level 1. HP: 19/19 MP: 1/1
   241 | D:1      | Reached XP level 2. HP: 23/26 MP: 2/2
   863 | D:1      | Reached skill level 4 in Unarmed Combat
  1313 | D:2      | Reached XP level 3. HP: 19/31 MP: 3/3
  1879 | D:3      | Noticed Jessica
  1895 | D:2      | Killed Jessica
  1896 | D:2      | Reached XP level 4. HP: 12/38 MP: 4/4
  2158 | D:3      | Reached skill level 5 in Unarmed Combat
  2268 | D:3      | Found a faded altar of an unknown god.
  2596 | D:3      | Found a glowing drain.
  2727 | D:3      | Found a runed translucent door.
  2728 | D:3      | Noticed Crazy Yiuf
  2997 | D:4      | Noticed an ogre
  3024 | D:4      | Killed an ogre
  3025 | D:4      | Reached skill level 6 in Unarmed Combat
  3025 | D:4      | Reached XP level 5. HP: 19/45 MP: 5/5
  3485 | D:4      | Gained mutation: Your magical capacity is low. (-10% MP)
                  | [potion of mutation]
  3485 | D:4      | Gained mutation: You possess an exceptional clarity of
                  | mind. [potion of mutation]
  3485 | D:4      | Gained mutation: Your spells are a little harder to cast,
                  | but a little more powerful. [potion of mutation]
  3829 | D:4      | Learned a level 2 spell: Poisonous Vapours
  3916 | D:4      | Found a broken altar of Ashenzari.
  4012 | D:4      | Reached XP level 6. HP: 48/51 MP: 5/5
  4267 | D:5      | Entered Level 5 of the Dungeon
  4481 | D:5      | Noticed an ice beast
  4495 | D:5      | Killed an ice beast
  4496 | D:5      | Reached skill level 7 in Unarmed Combat
  4926 | D:5      | Found Iggesh's Jewellery Shop.
  4966 | D:5      | Noticed Menkaure
  5606 | D:5      | Found a staircase to the Ecumenical Temple.
  5616 | Temple   | Entered the Ecumenical Temple
  5835 | Temple   | Became a worshipper of Warmaster Okawaru
  5835 | Temple   | Reached * piety under Okawaru
  5835 | Temple   | Reached ** piety under Okawaru
  5926 | D:5      | Found a burning altar of Makhleb.
  5928 | D:5      | Found a snail-covered altar of Cheibriados.
  6004 | D:5      | Your scales start taking on a lurid green colour.
  6004 | D:5      | Reached XP level 7. HP: 53/58 MP: 6/6
  6004 | D:5      | Gained mutation: Your system is resistant to poisons.
                  | (rPois) [Green Draconian growth]
  6242 | D:5      | Killed Menkaure
  6340 | D:5      | You fall into a shaft and drop 2 floors!
  6404 | D:7      | Reached skill level 8 in Unarmed Combat
  6498 | D:6      | Found a hazy altar of Hepliaklqana.
  6672 | D:6      | Reached XP level 8. HP: 46/66 MP: 10/10
  6785 | D:6      | Reached *** piety under Okawaru
  7165 | D:6      | Reached skill level 5 in Invocations
  7286 | D:6      | Reached skill level 9 in Unarmed Combat
  8506 | D:7      | Found a stormy altar of Qazlal.
  8587 | D:7      | Noticed a purple ugly thing
  8868 | D:6      | Reached skill level 10 in Unarmed Combat
  9629 | D:8      | Reached XP level 9. HP: 64/71 MP: 12/12
  9817 | D:8      | Identified a scroll of acquirement
  9817 | D:8      | Acquired the +4 pair of gloves of the Shining Light {Str+4
                  | Dex+2}
  9892 | D:8      | Reached **** piety under Okawaru
  9893 | D:8      | Reached skill level 11 in Unarmed Combat
 10012 | D:8      | Noticed Maggie
 10016 | D:8      | Noticed a cyclops
 10034 | D:8      | Killed Maggie
 10035 | D:8      | Reached skill level 1 in Spellcasting
 10035 | D:8      | Reached skill level 1 in Air Magic
 10035 | D:8      | Reached skill level 1 in Poison Magic
 10044 | D:8      | Killed a cyclops
 10045 | D:8      | Reached skill level 12 in Unarmed Combat
 10185 | D:8      | Found a staircase to the Lair.
 10185 | D:8      | Noticed an elephant
 10185 | D:8      | Noticed Maurice
 10238 | D:7      | Killed an elephant
 10239 | D:7      | Reached XP level 10. HP: 37/78 MP: 13/13
 10537 | D:7      | Killed Maurice
 10537 | D:7      | Reached ***** piety under Okawaru
 11939 | D:9      | Identified the +4 short sword "Idwoevim" {vamp, rN+ Int+4}
                  | (Okawaru gifted it to you on level 9 of the Dungeon)
 11939 | D:9      | Received a gift from Okawaru
 12192 | D:9      | Found a white marble altar of Elyvilon.
 12283 | D:9      | Found a runed translucent gate.
 12283 | D:9      | Found a runed translucent gate.
 12284 | D:9      | Found a runed translucent gate.
 12285 | D:9      | Noticed SnakkuSnakku7's ghost (novice HOFi)
 12285 | D:9      | Noticed mcwallace's ghost (journeyman BaIE)
 12285 | D:9      | Noticed Kalaber's ghost (novice TrBe)
 12286 | D:9      | Noticed GraveyardiganJr's ghost (novice MfGl)
 12287 | D:9      | Found the +7 captain's cutlass {speed, disarm}
 13050 | D:9      | Found a blossoming altar of Fedhas.
 13092 | D:9      | Reached skill level 13 in Unarmed Combat
 13336 | D:9      | Found an ornate altar of the Wu Jian Council.
 13470 | D:7      | Killed a purple ugly thing
 13471 | D:7      | Reached skill level 5 in Poison Magic
 13706 | D:10     | Entered Level 10 of the Dungeon
 13947 | D:10     | Found a flagged portal.
 13955 | Bailey   | Entered a bailey
 14327 | Bailey   | Identified the +0 kite shield "Earthly Heaven" {rElec Dex+3
                  | Slay+3}
 14779 | Bailey   | Received a gift from Okawaru
 15001 | Bailey   | Noticed an orc knight
 15049 | Bailey   | Killed an orc knight
 15050 | Bailey   | Reached skill level 5 in Air Magic
 15050 | Bailey   | Reached XP level 11. HP: 69/84 MP: 5/14
 16552 | D:11     | Noticed a wizard
 16558 | D:11     | Killed a wizard
 16559 | D:11     | Reached skill level 14 in Unarmed Combat
 16609 | D:11     | Noticed a wizard
 16652 | D:11     | Killed a wizard
 16727 | D:11     | Received a gift from Okawaru
 16820 | Lair:1   | Entered Level 1 of the Lair of Beasts
 16833 | Lair:1   | Reached skill level 5 in Fighting
 16997 | Lair:1   | Noticed a catoblepas
 17045 | Lair:1   | Killed a catoblepas
 18114 | Lair:1   | Noticed Prince Ribbit
 18127 | Lair:1   | Reached skill level 5 in Dodging
 18139 | Lair:1   | Killed Prince Ribbit
 18140 | Lair:1   | Reached skill level 15 in Unarmed Combat
 18719 | Lair:1   | Reached ****** piety under Okawaru
 18720 | Lair:1   | Reached XP level 12. HP: 89/97 MP: 9/16
 19005 | Lair:2   | Noticed a seven-headed hydra
 19024 | Lair:2   | Killed a seven-headed hydra
 19256 | Lair:2   | Acquired the Catalogue of Virous Displacement
 19260 | Lair:2   | Learned a level 1 spell: Apportation
 19361 | Lair:2   | Found a staircase to the Snake Pit.
 19482 | Lair:2   | Found a dark tunnel.
 19541 | Lair:2   | Found a basalt altar of Yredelemnul.
 19582 | Lair:2   | Reached skill level 1 in Translocations
 19677 | Lair:2   | Found a staircase to the Swamp.
 20582 | Lair:2   | Learned a level 5 spell: Blade Hands
 20590 | Lair:3   | Learned a level 4 spell: Olgreb's Toxic Radiance
 20819 | Lair:3   | Reached skill level 1 in Transmutations
 21608 | Lair:3   | Received a gift from Okawaru
 21743 | Lair:3   | Noticed a five-headed hydra
 21752 | Lair:3   | Killed a five-headed hydra
 22182 | Lair:4   | Noticed Urug
 22199 | Lair:4   | Killed Urug
 22329 | Lair:4   | Noticed an anaconda
 22435 | Lair:4   | Killed an anaconda
 23138 | Lair:4   | Noticed a death yak
 23185 | Lair:3   | Killed a death yak
 23190 | Lair:3   | Reached XP level 13. HP: 57/108 MP: 8/16
 24397 | Lair:5   | Found a staircase to the Slime Pits.
 24398 | Lair:5   | Found a viscous altar of Jiyva.
 24604 | Lair:5   | Identified the -1 cloak of Vomohuown {Slay+3} (Okawaru
                  | gifted it to you on level 5 of the Lair of Beasts)
 24604 | Lair:5   | Received a gift from Okawaru
 25317 | Lair:6   | Entered Level 6 of the Lair of Beasts
 26035 | Lair:6   | Reached skill level 16 in Unarmed Combat
 26035 | Lair:6   | Reached skill level 5 in Translocations
 27311 | Lair:6   | Noticed a fire dragon
 27645 | D:3      | Killed Crazy Yiuf
 28259 | D:11     | Reached skill level 5 in Transmutations
 28683 | D:11     | Found a shadowy altar of Dithmenos.
 29088 | D:11     | Cast into level 2 of the Abyss (a wizard)
 29134 | D:11     | Escaped the Abyss
 29484 | D:11     | Found the +3 warlock's mirror {reflect}
 30099 | D:12     | Reached skill level 1 in Shields
 30232 | D:12     | Noticed Rupert
 30718 | Swamp:1  | Entered Level 1 of the Swamp
 31077 | Swamp:1  | Reached skill level 5 in Spellcasting
 31272 | Swamp:1  | Noticed a bunyip
 31450 | Swamp:1  | Killed a bunyip
 31451 | Swamp:1  | Gained mutation: Your tail ends in a venomous barb. [Green
                  | Draconian growth]
 31451 | Swamp:1  | Reached XP level 14. HP: 118/118 MP: 17/19
 32016 | Swamp:1  | Identified the +0 hat of Dawn {Harm rElec rF+} (Okawaru
                  | gifted it to you on level 1 of the Swamp)
 32016 | Swamp:1  | Received a gift from Okawaru
 32936 | Swamp:2  | Noticed Kirke
 33047 | Swamp:1  | Noticed a sphinx
 33057 | Swamp:1  | Killed Kirke
 34422 | Swamp:2  | Noticed a tentacled monstrosity
 34589 | Swamp:2  | Reached skill level 5 in Shields
 35090 | D:12     | Found a staircase to the Orcish Mines.
 35626 | D:12     | Killed Rupert
 36106 | D:13     | Identified the +1 hand axe of Calamity {holy, Will+ Stlth+}
                  | (Okawaru gifted it to you on level 13 of the Dungeon)
 36106 | D:13     | Received a gift from Okawaru
 37040 | D:13     | Identified the +6 trident of Compulsion {freeze, Fragile
                  | MP+9 Str+3 Int+3}
 37702 | D:14     | Found Qaat's Weapon Shoppe.
 37866 | D:14     | Reached XP level 15. HP: 87/124 MP: 6/22
 38122 | D:14     | Received a gift from Okawaru
 38265 | D:14     | Found Totaisk's Jewellery Boutique.
 38319 | D:14     | Found Jyerhy's Distillery.
 38328 | D:14     | Bought a potion of ambrosia for 128 gold pieces
 38328 | D:14     | Bought a potion of might for 64 gold pieces
 38328 | D:14     | Bought a potion of heal wounds for 80 gold pieces
 38328 | D:14     | Bought 2 potions of heal wounds for 160 gold pieces
 38342 | D:14     | Found Zuedghilu's Distillery.
 38549 | D:14     | Bought a potion of invisibility for 104 gold pieces
 38759 | D:14     | Found Nauts's Distillery.
 38767 | D:14     | Bought a potion of resistance for 190 gold pieces
 38767 | D:14     | Bought a potion of berserk rage for 95 gold pieces
 38905 | D:14     | Found a gate to the Vaults.
 39399 | Swamp:2  | Killed a tentacled monstrosity
 40258 | Swamp:3  | Noticed a thorn hunter
 40541 | Swamp:2  | Killed a thorn hunter
 42484 | Orc:1    | Entered Level 1 of the Orcish Mines
 42516 | Orc:1    | Reached skill level 10 in Transmutations
 42946 | D:12     | Reached skill level 17 in Unarmed Combat
 43430 | Orc:2    | Entered Level 2 of the Orcish Mines
 43462 | Orc:1    | Noticed Fannar
 43473 | Orc:2    | Killed Fannar
 43703 | Orc:1    | Paralysed by an orc sorcerer for 7 turns
 44250 | Orc:1    | Acquired a book of the Sky
 44614 | Orc:2    | Found a runed translucent door.
 44631 | Orc:2    | Noticed Pooter's ghost (journeyman MiBe)
 44635 | Orc:2    | Found Binawuops's General Store.
 44644 | Orc:2    | Bought 2 potions of heal wounds for 110 gold pieces
 44644 | Orc:2    | Bought 13 sling bullets for 71 gold pieces
 44700 | Orc:2    | Bought a scroll of fear for 38 gold pieces
 44761 | Orc:2    | Identified the +0 pair of gloves "Xooxtes" {rN+ rCorr}
                  | (Okawaru gifted it to you on level 2 of the Orcish Mines)
 44761 | Orc:2    | Received a gift from Okawaru
 45453 | Orc:2    | Found a staircase to the Elven Halls.
 47713 | Orc:2    | Reached XP level 16. HP: 132/132 MP: 26/26
 47740 | Orc:2    | Found Wicwoh's Weapon Emporium.
 47740 | Orc:2    | Found Qinery's Book Emporium.
 47741 | Orc:2    | Found Lioloodeum's Antique Armour Emporium.
 47741 | Orc:2    | Found Negumuc's Jewellery Shoppe.
 47970 | Snake:1  | Entered Level 1 of the Snake Pit
 50556 | Orc:2    | Bought Sif Muna's Disquisition on the Birds and
                  | Transformation for 588 gold pieces
 50561 | Orc:2    | Learned a level 4 spell: Airstrike
 51152 | Snake:2  | Received a gift from Okawaru
 51153 | Snake:2  | Reached skill level 18 in Unarmed Combat
 52091 | Snake:2  | HP: 5/132 [naga warrior (18)]
 52093 | Snake:2  | Mangled by a naga warrior

Illustrated notes

Levels and vault maps discovered:
D:1:      saegor_arrival_miasma, layout_basic, roderic_serpentine_path
D:2:      layout_rooms
D:3:      layout_basic, cheibrodos_sewer_entry_bend,
          chequers_ecumenical_altar_island, uniq_jessica,
          uniq_crazy_yiuf_cottage
D:4:      layout_loops_ring, kennysheep_mini
D:5:      layout_loops_cross, mainiacjoe_overflow_catwalk_spiral,
          minmay_temple_entry_waves, serial_shops, shop, uniq_menkaure
D:6:      layout_loops_ring, mainiacjoe_overflow_boulevard
D:7:      layout_rooms, nicolae_overflow_hidden_temple, st_stairs_3,
          serial_bayou_pond_a
D:8:      layout_basic, david_lair_generic, uniq_maggie, uniq_maurice
D:9:      layout_stronghold, lemuel_tele_altar, nicolae_wu_jian_glorious_leap,
          kennysheep_little_box, gammafunk_ghost_cemetery,
          mrwooster_statue_mirror
D:10:     layout_irregular_city, enter_bailey_3, lemuel_flamethrower_1
D:11:     minmay_smoke_and_mirrors, layout_gridville,
          nicolae_dithmenos_the_darkroom
D:12:     layout_basic, kennysheep_orc_monster_closet_entryway, uniq_rupert
D:13:     layout_rooms
D:14:     layout_basic, grunt_vaults_entry_tiered, grunt_decor_cap,
          serial_shops, nicolae_shop_hallway_stairs, nicolae_shop_waterfront,
          shop, nicolae_shop_competitors_out_of_business, shop_fountains,
          statue_in_the_mist_lemuel
Temple:   eino_temple_water
Lair:1:   layout_loops_ring, lemuel_fruit_fields, uniq_prince_ribbit2
Lair:2:   layout_gridlike, swamp_mist_pool, guppyfry_snake_entry_island,
          basic_altar, lightli_volcano_entry_magma_tube
Lair:3:   layout_chaotic_city, lemuel_fruit_fields
Lair:4:   layout_loops_ring, beast_lair_carwin_10, uniq_urug
Lair:5:   layout_regular_city, slime_altar_1
Lair:6:   guppyfry_lair_end_dragon, layout_hall_layers, lemuel_fruit_tree
Swamp:1:  layout_basic_swamp, nicolae_swamp_decorative_isthmus,
          infiniplex_staircase_pool
Swamp:2:  layout_basic_swamp, serial_swamp_ruin, evilmike_swamp_ruin_rubble_1,
          evilmike_swamp_ruin_house_3, evilmike_swamp_ruin_house_4, uniq_kirke
Swamp:3:  layout_basic_swamp, nicolae_swamp_some_circles, swamp_pool1,
          infiniplex_staircase_pool_2
Snake:1:  layout_onion_interference, drop_trap
Snake:2:  layout_onion
Orc:1:    layout_caves, nicolae_orc_tapped_out, uniq_fannar
Orc:2:    st_orc_pillars, layout_diamond_mine, hellmonk_ghost_happy_afterlife,
          serial_shops, nicolae_shop_trees

Skill      XL: |  1  2  3  4  5  6  7  8  9 10 11 12 13 14 15 16 |
---------------+-------------------------------------------------+-----
Unarmed Combat | 4 6 7 8 10 12 13 15 16 17 18 | 18.0
Dodging        | 3 5 7 8 9 |  9.0
Fighting       | 4 6 8 9 |  9.0
Invocations    | 4 6 |  6.2
Spellcasting   | 2 3 5 6 9 |  9.4
Air Magic      | 2 5 6 |  6.4
Poison Magic   | 3 6 7 9 |  9.0
Translocations | 3 6 |  6.1
Transmutations | 3 6 8 10 11 | 11.9
Shields        | 2 8 |  8.0
Stealth        | |  1.7

Action                   |  1- 3 |  4- 6 |  7- 9 | 10-12 | 13-15 | 16-18 || total
-------------------------+-------+-------+-------+-------+-------+-------++-------
Melee: Unarmed           |   117 |   165 |   284 |   579 |  1186 |   180 ||  2511
       Tailslap          |    17 |    22 |    53 |   114 |   224 |    40 ||   470
       Punch             |     4 |     3 |    23 |    64 |    47 |    23 ||   164
       Short sword       |       |     5 |       |       |       |       ||     5
 Cast: Poisonous Vapours |       |       |       |   209 |   283 |       ||   492
       Olgreb's Toxic Ra |       |       |       |     1 |    26 |       ||    27
       Blade Hands       |       |       |       |       |    19 |    28 ||    47
       Apportation       |       |       |       |       |     2 |       ||     2
       Airstrike         |       |       |       |       |       |     6 ||     6
Invok: Heroism           |       |       |     1 |     5 |    18 |     1 ||    25
       Finesse           |       |       |     1 |       |     4 |       ||     5
 Abil: Breathe Noxious F |       |       |     7 |    15 |     6 |       ||    28
       End Transformatio |       |       |       |       |     1 |       ||     1
  Use: Potion            |       |     6 |       |       |       |       ||     6
       Scroll            |       |       |    11 |     9 |    15 |       ||    35
 Stab: Sleeping          |       |     3 |     3 |     2 |     2 |       ||    10
       Confused          |       |       |    10 |    14 |     2 |       ||    26
       Distracted        |       |       |       |       |     1 |       ||     1
       Paralysed         |       |       |       |       |     3 |       ||     3
Armor: Skin              |    38 |    43 |   106 |   257 |   328 |    40 ||   812
Dodge: Dodged            |    74 |    87 |   141 |   411 |   855 |   131 ||  1699
Block: Buckler           |       |       |       |       |   348 |    24 ||   372
       Reflection        |       |       |       |       |    52 |     5 ||    57
